 Dungeon Crawl Stone Soup version 0.31-a0-879-g1609e0ac53 (webtiles) character file.

Game seed: 753640058405804359

51 CowFu the Trooper (level 3, -3/39 HPs)
             Began as an Ogre Gladiator on Oct 15, 2023.
             Slain by a gnoll
             ... wielding a +0 flail
              (11 damage)
             ... on level 3 of the Dungeon.
             The game lasted 00:02:10 (2157 turns).

CowFu the Trooper (Ogre Gladiator)                  Turns: 2157, Time: 00:02:11

Health: -3/39      AC:  3    Str: 20    XL:     3   Next: 83%
Magic:  3/3        EV: 10    Int:  9    God:
Gold:   166        SH:  0    Dex: 10    Spells: 2/2 levels left

rFire   . . .        k - +1 spear "Gaja" {holy, rN+}
rCold   . . .        (no shield)
rNeg    + . .        b - +0 robe
rPois   .            c - +0 hat
rElec   .            (no cloak)
rCorr   .            (gloves unavailable)
SInv    .            (boots unavailable)
Will    .....        (no amulet)
Stlth   +            (no ring)
HPRegen 0.26/turn    (no ring)
MPRegen 0.08/turn

%: no passive effects
@: no status effects
A: large, unfitting armour, tough skin 1
a: no special abilities


You were on level 3 of the Dungeon.
You visited 1 branch of the dungeon, and saw 3 of its levels.

You collected 166 gold pieces.

Inventory:

Hand Weapons
 a - a +0 flail
 k - the +1 spear "Gaja" (weapon) {holy, rN+}
   (You found it on level 3 of the Dungeon)

   rN+:       It protects you from negative energy.
Missiles
 d - 3 throwing nets
 e - a large rock (quivered)
Armour
 b - a +0 robe (worn)
 c - a +0 hat (worn)
Wands
 g - a wand of charming (9)
Scrolls
 i - a scroll of immolation {unknown}
 j - 2 scrolls of enchant armour {unknown}
Potions
 f - 2 potions of mutation {unknown}


   Skills:
 + Level 4.2 Fighting
 + Level 3.5 Maces & Flails
 - Level 2.0 Throwing
 - Level 2.6 Dodging


You had 2 spell levels left.
You didn't know any spells.
Your spell library was empty.

Dungeon Overview and Level Annotations

Branches:
Dungeon (3/15)

Altars:
Uskayaw
Xom

Annotations:
D:3 Jessica


Innate Abilities, Weirdness & Mutations

You are too large for most types of armour.
You have tough skin. (AC +1)


Message History

You barely miss the gnoll. The gnoll hits you with a +0 flail!
The gnoll barely misses you. x2
You closely miss the gnoll. The gnoll hits you with a +0 whip!
The gnoll closely misses you.
You hit the gnoll but do no damage. The gnoll hits you with a +0 whip.
The gnoll barely misses you.
The gnoll shouts!
You hit the gnoll.
The gnoll is moderately wounded.
Jessica shouts, "You're disturbing me!
I'll have to kill you!"
Jessica gestures wildly while chanting.
Jessica seems to speed up.
The gnoll barely misses you.
The gnoll hits you from afar with a +0 spear!
* * * LOW HITPOINT WARNING * * *
The gnoll barely misses you.
You are too injured to fight recklessly!
You are too injured to fight recklessly!
You are too injured to fight recklessly!
You are too injured to fight recklessly!
You are too injured to fight recklessly!
You are too injured to fight recklessly!
You are too injured to fight recklessly!
You are too injured to fight recklessly!
You are too injured to fight recklessly!
You are too injured to fight recklessly!
You are too injured to fight recklessly!
You are too injured to fight recklessly!
You are too injured to fight recklessly!
You are too injured to fight recklessly!
You are too injured to fight recklessly!
You are too injured to fight recklessly!
You are too injured to fight recklessly!
You are too injured to fight recklessly!
You are too injured to fight recklessly!
You are too injured to fight recklessly!
You are too injured to fight recklessly!
As you read the scroll labelled ZUPIBA PUWKAE, it crumbles to dust.
It is a scroll of amnesia.
You feel forgetful for a moment. The gnoll hits you with a +0 flail!
You die...

.........# #######.####.
.........# #########..###.
.........# #.....(........
.........# #......#####...
.........##########..#####
### .....................+
#########............#####
#.......gg.......###
#.......@.g@........
###########.........
###......... #...........
#.....g..... #......g....
#........@g. #...........
#...........


You could see 3 gnolls and Jessica (fast).

Vanquished Creatures
  An adder (D:2)
  2 worms
  A dart slug (D:3)
  An orc (D:3)
  3 ball pythons
  A bat (D:1)
  7 endoplasms
  2 giant cockroaches
  4 hobgoblins
  2 kobolds (D:2)
  2 quokkas
  A frilled lizard (D:3)
  2 rats
29 creatures vanquished.

Notes
Turn   | Place    | Note
-------+----------+-------------------------------------------
     0 | D:1      | CowFu the Ogre Gladiator began the quest for the Orb.
     0 | D:1      | Reached XP level 1. HP: 22/22 MP: 1/1
   173 | D:1      | Reached skill level 3 in Fighting
   206 | D:1      | Reached XP level 2. HP: 31/31 MP: 2/2
   770 | D:2      | Found a hide-covered altar of Uskayaw.
  1214 | D:2      | Found a faded altar of an unknown god.
  1480 | D:2      | Reached XP level 3. HP: 35/39 MP: 3/3
  1799 | D:3      | Reached skill level 4 in Fighting
  2055 | D:3      | Found a shimmering altar of Xom.
  2062 | D:3      | Found a shimmering altar of Xom.
  2062 | D:3      | Found a shimmering altar of Xom.
  2106 | D:3      | Identified the +1 spear "Gaja" {holy, rN+}
  2141 | D:3      | Noticed Jessica
  2157 | D:3      | Slain by a gnoll

Illustrated notes

Levels and vault maps discovered:
D:1:      dreamdust_arrival_beginning_and_end, layout_basic
D:2:      layout_loops_corners, basic_altar,
          shapermc_ecumenical_altar_mp_vishouse, kennysheep_generic_room_4
D:3:      layout_basic, xom_redecorated, mainiacjoe_overflow_surrounded_room,
          lemuel_coloured_pillars_altar, uniq_jessica

Skill      XL: |  1  2  3 |
---------------+----------+-----
Fighting       | 3 4 |  4.2
Maces & Flails | 3 |  3.5
Throwing       | |  2.0
Dodging        | |  2.6

Action                     || total
---------------------------++-------
  Melee: Flail             ||    95
         Spear             ||     6
    Use: Scroll            ||     1
 Armour: Robe              ||    53
  Dodge: Dodged            ||    53

Table legend: (Time is in decaauts)
 A = Elapsed time spent in this place.
 B = Non-inter-level travel time spent in this place.
 C = Inter-level travel time spent in this place.
 D = Time resting spent in this place.
 E = Time spent auto-exploring this place.
 F = Levels seen in this place.
 G = Mean time per level.
                   A        B        C        D        E       F      G
               +--------+--------+--------+--------+--------+-----+--------+
         Total |   2180 |   2094 |     86 |      0 |   1816 |   3 |  726.7 |
       Dungeon |   2180 |   2094 |     86 |      0 |   1816 |   3 |  726.7 |
               +--------+--------+--------+--------+--------+-----+--------+

Top non-repeatable levels by time:
     D:2: 1046 daAuts
     D:1: 729 daAuts
     D:3: 403 daAuts
